Map: Ascension to Aiur LE

Players

Kaszanas

  • Race: Protoss Protoss
  • League: Diamond
  • Spawn Location: 5:00

Ziomek - Winner!

  • Race: Protoss Protoss
  • League: Master
  • Spawn Location: 11:00

VOD

Have the link to the VOD?

Description

Time

  • Played on: Jan. 13, 2018, 7:08 p.m.
  • Length: 8:06
Show
View Real Time Build Order
Export as new Build Order

Kaszanas Protoss 

Build Orders:  

Get SALT Encoding   

  12  0:00  Probe  
  13  0:12  Probe  
  14  0:18  Pylon  
  14  0:25  Probe  
  15  0:37  Probe  
  15  0:39  Gateway  
  16  0:46  Assimilator  
  16  0:49  Probe (Chrono Boost)  
  17  0:53  Assimilator  
  17  1:01  Probe (Chrono Boost)  
  18  1:07  Probe (Chrono Boost)  
  19  1:12  Gateway  
  19  1:19  Probe (Chrono Boost)  
  20  1:27  Cybernetics Core  
  20  1:31  Probe (Chrono Boost)  
  21  1:41  Pylon  
  21  1:44  Probe (Chrono Boost)  
  22  1:56  Probe  
  23  2:03  Warp Gate  
  23  2:04  Stalker  
  25  2:09  Stalker  
  27  2:35  Probe  
  29  2:40  Stalker (Chrono Boost)  
  29  2:47  Robotics Facility  
  29  2:48  Pylon  
  29  2:49  Stalker (Chrono Boost)  
  31  3:21  Sentry x2  
  31  3:24  Nexus  
  35  3:34  Observer (Chrono Boost)  
  35  3:39  Probe  
  35  3:52  Probe  
  30  4:04  Immortal (Chrono Boost)  
  30  4:08  Stalker x2  
  38  4:13  Probe  
  39  4:25  Pylon  
  39  4:35  Probe  
  40  4:39  Probe  
  40  4:40  Twilight Council  
  41  4:46  Immortal (Chrono Boost)  
  41  4:47  Probe  
  46  4:54  Stalker  
  47  5:05  Stalker  
  37  5:17  Probe x2  
  39  5:24  Shield Battery  
  39  5:29  Probe  
  39  5:32  Sentry  
  42  5:38  Probe  
  43  5:49  Stalker  
  45  5:56  Stalker  
  47  6:06  Probe  
  47  6:07  Probe  
  49  6:16  Stalker  
  41  6:53  Probe x2  
  31  7:05  Probe x2  
  33  7:14  Stalker x2  
  36  7:17  Probe (Chrono Boost)  
  36  7:18  Probe (Chrono Boost)  
  38  7:28  Probe (Chrono Boost)  
  38  7:29  Probe (Chrono Boost)  
  40  7:33  Probe x2 (Chrono Boost)  
  42  7:42  Gateway  
  42  7:44  Gateway, Sentry x2  
Show
View Real Time Build Order
Export as new Build Order

Ziomek Protoss - Winner!

Build Orders: Oracle Opening 

Get SALT Encoding   

  12  0:00  Probe  
  13  0:13  Probe  
  14  0:17  Pylon  
  14  0:25  Probe  
  15  0:37  Probe (Chrono Boost)  
  15  0:39  Gateway  
  16  0:44  Assimilator  
  16  0:49  Probe (Chrono Boost)  
  17  0:53  Assimilator  
  17  0:54  Probe (Chrono Boost)  
  18  1:08  Gateway  
  18  1:09  Probe (Chrono Boost)  
  19  1:21  Probe (Chrono Boost)  
  20  1:28  Cybernetics Core, Probe (Chrono Boost)  
  21  1:36  Pylon  
  21  1:40  Probe  
  22  1:52  Probe  
  23  2:08  Stalker x2  
  27  2:10  Warp Gate  
  27  2:13  Probe  
  28  2:22  Pylon  
  28  2:40  Stargate, Stalker x2  
  31  3:08  Nexus  
  33  3:20  Oracle (Chrono Boost)  
  36  3:30  Pylon  
  36  3:31  Probe  
  35  3:43  Probe  
  36  3:50  Oracle  
  36  3:55  Probe  
  38  4:07  Probe  
  39  4:20  Probe x2 (Chrono Boost)  
  39  4:22  Robotics Facility  
  41  4:30  Probe x2 (Chrono Boost)  
  43  4:35  Probe x2 (Chrono Boost)  
  45  4:46  Probe x2  
  45  4:49  Pylon  
  45  4:51  Stalker  
  45  4:52  Stalker  
  51  4:58  Probe x2  
  53  5:10  Probe x2 (Chrono Boost)  
  55  5:17  Twilight Council  
  55  5:20  Stalker  
  55  5:21  Stalker  
  60  5:22  Immortal (Chrono Boost), Probe x2 (Chrono Boost)  
  65  5:29  Probe (Chrono Boost)  
  65  5:30  Pylon, Probe (Chrono Boost)  
  65  5:33  Assimilator  
  67  5:37  Assimilator  
  67  5:39  Pylon  
  67  5:46  Probe  
  67  5:49  Pylon  
  68  5:54  Observer (Chrono Boost)  
  69  5:57  Pylon  
  69  5:58  Blink  
  69  6:09  Gateway  
  69  6:10  Gateway  
  69  6:13  Gateway  
  69  6:15  Gateway  
  69  6:16  Warp Prism  
  71  6:24  Gateway  
  71  6:28  Gateway  
  69  6:39  Stalker  
  69  6:40  Stalker  
  69  6:45  Probe  
  67  6:47  Probe  
  65  6:57  Probe  
  65  6:59  Probe  
  64  7:05  Stalker x2  
  67  7:09  Probe  
  67  7:24  Probe  
  67  7:25  Probe  
  67  7:33  Sentry x2  
  67  7:34  Sentry  
  67  7:35  Stalker  
  67  7:36  Stalker x3  
  81  7:48  Pylon  
  81  7:55  Sentry  
  81  7:57  Stalker x2  
Tags
 
Add a new tag
Caveats
  • Supply blocks, unpowered buildings, or Contaminate may cause inaccurate times.
  • Supply counts are checked every 10 seconds.